 Dungeon Crawl Stone Soup version 0.16-b1 (webtiles) character file.

36541 wojtek the Nimble (level 14, -8/94 HPs)
             Began as a Kobold Assassin on Mar 15, 2015.
             Was a High Priest of Makhleb.
             Mangled by an unseen horror (10 damage)
             ... on level 10 of the Dungeon.
             The game lasted 01:04:58 (24044 turns).

wojtek the Nimble (Kobold Assassin)                Turns: 24044, Time: 01:04:58

Health: -8/94      AC:  0    Str: 10    XL:     14   Next: 24%
Magic:  25/25      EV: 26    Int: 13    God:    Makhleb [*****.]
Gold:   1001       SH:  8    Dex: 18    Spells: 0 memorised, 13 levels left

rFire  + . .     SeeInvis .     a - +1 dagger (elec)
rCold  . . .     Clarity  .     J - +1 leather armour {rN+}
rNeg   + . .     SustAb   .     h - +1 buckler
rPois  +         Gourm    .     D - +0 hat {rF+}
rElec  .         Spirit   .     H - +1 cloak
rCorr  .         Warding  .     v - +2 pair of gloves
rMut   .         Stasis   .     Q - +0 pair of boots
MR     +....                    S - amulet of regeneration
Stlth  ++++......               k - ring of poison resistance
                                L - ring of stealth

@: corroded equipment, somewhat resistant to hostile enchantments, stealthy
A: carnivore 3
a: Minor Destruction, Lesser Servant of Makhleb, Major Destruction, Greater
Servant of Makhleb, Renounce Religion


You were on level 10 of the Dungeon.
You worshipped Makhleb.
Makhleb was extremely pleased with you.
You were very full.

You visited 3 branches of the dungeon, and saw 18 of its levels.
You also visited: Volcano.

You collected 1001 gold pieces.

Inventory:

Hand weapons
 a - a +1 dagger of electrocution (weapon)
 b - a +0 blowgun
Missiles
 e - 97 poisoned needles
 f - 2 curare-tipped needles {=f}
 P - a throwing net (quivered)
Armour
 h - a +1 buckler (worn)
 v - a +2 pair of gloves (worn)
 D - a +0 hat of fire resistance (worn)
 H - a +1 cloak (worn)
 J - a +1 leather armour of positive energy (worn)
 Q - a +0 pair of boots (worn)
Jewellery
 c - an uncursed ring of fire
 k - a ring of poison resistance (right hand)
 p - an uncursed amulet of resist mutation
 A - a cursed ring of loudness {unknown}
 F - an uncursed ring of positive energy
 G - an uncursed ring of fire
 L - a ring of stealth (left hand)
 S - an amulet of regeneration (around neck)
Magical devices
 m - a wand of fireball (5)
 r - a wand of teleportation (7)
 x - a wand of flame (33)
 z - a wand of lightning (5)
 E - a wand of frost (32)
 M - a wand of frost (30)
 V - a wand of polymorph (8)
 Y - a wand of digging (14)
 Z - a wand of disintegration (13)
Scrolls
 i - 2 scrolls of blinking
 j - 2 scrolls of identify
 l - 12 scrolls of remove curse
 s - a scroll of magic mapping
 t - 9 scrolls of teleportation
 w - 2 scrolls of vulnerability {unknown}
 y - a scroll of enchant weapon {unknown}
Potions
 d - 3 potions of brilliance {unknown}
 n - 3 potions of might
 o - 8 potions of curing
 q - a potion of haste
 u - 3 potions of magic
 C - 3 potions of agility {unknown}
 T - 2 potions of resistance {unknown}
 X - 2 potions of cancellation
Comestibles
 g - 6 meat rations
 B - a beef jerky


   Skills:
 + Level 13.2 Fighting
 + Level 13.5 Short Blades
 - Level 2.6 Throwing
 + Level 3.1 Armour
 + Level 14.3 Dodging
 - Level 5.3 Stealth
 - Level 6.0 Shields
 - Level 7.7 Invocations
 - Level 6.5 Evocations


You had 13 spell levels left.
You didn't know any spells.

Dungeon Overview and Level Annotations

Branches:
Dungeon (10/15)            Temple (1/1) D:6            Lair (7/8) D:9
  Swamp (0/5) Lair:5       Spider (0/5) Lair:6
  Slime: Lair:6-8       Orc: D:9-12

Altars:
Ashenzari
Cheibriados
Dithmenos
Elyvilon
Fedhas
Gozag
Kikubaaqudgha
Makhleb
Nemelex Xobeh
Okawaru
Qazlal
Ru
Sif Muna
Trog
Vehumet
Xom
Yredelemnul
Zin
The Shining One

Annotations:
Lair:4 exclusion: downstairs, Snorg


Innate Abilities, Weirdness & Mutations

You are small and have problems with some larger weapons.
You are carnivorous and can eat meat at any time.


Message History

The brown ugly thing tail-slaps you!
* * * LOW HITPOINT WARNING * * *
You are splashed with acid!
The acid corrodes your equipment!
The acid burns!
* * * LOW HITPOINT WARNING * * *
You see here a giant club.
Something hits you.
* * * LOW HITPOINT WARNING * * *
Deactivating autopickup; reactivate with Ctrl-A.
You block the brown ugly thing's attack.
Something completely misses you. Something completely misses you.
Something closely misses you.
You see here 18 gold pieces.
Something hits you!
* * * LOW HITPOINT WARNING * * *
Something closely misses you.
You hit something but do no damage. You completely miss something.
Something hits you!
* * * LOW HITPOINT WARNING * * *
You hit something but do no damage. Something hits you!
You die...

.$.#.# #.#.# ###########
#...#### #.........#
###....######...[.....#
#.##..........<.....#
#.#########.........#
#..#### ###.........#
#######†...###...........#
#^....))...u$@.###########
#.#####....#####
#.#####....###
#............#
#...#.#.#.#).# #.
########.## #. #DZbY.+...#
#. #a######..# Y #.†.#


You could see a brown ugly thing.

Vanquished Creatures
  2 hydras
  A death yak (Lair:7)
  Nergalle (Lair:6)
  An unseen horror (D:10)
  A hill giant (D:10)
  A griffon (Lair:3)
  An orb spider (Lair:6)
  An orc sorcerer (Volcano)
  11 elephants
  12 spiny frogs
  3 black mambas
  A torpor snail (Lair:7)
  A queen ant (Lair:3)
  8 komodo dragons
  A polar bear (Lair:3)
  3 fire drakes
  A snapping turtle (Lair:3)
  Grinder (D:4)
  A boulder beetle (Lair:5)
  2 blink frogs (Lair:5)
  2 basilisks
  A wyvern (Lair:5)
  A spriggan (D:7)
  A fire bat (Volcano)
  24 yaks
  A steam dragon (D:10)
  8 hippogriffs
  14 porcupines
  15 wolves
  4 soldier ants (Lair:3)
  11 water moccasins
  A sky beast (D:6)
  4 orc warriors
  An ice beast (D:9)
  3 phantoms
  4 ogres
  5 centaurs
  16 crocodiles
  2 big kobolds
  15 giant frogs
  A wyvern skeleton (D:8)
  2 scorpions
  An electric eel (Lair:5)
  10 wights
  3 goliath beetles
  6 crimson imps
  2 giant frog zombies (D:9)
  8 lava snakes (Volcano)
  16 hounds
  A giant frog skeleton (D:5)
  7 orc priests
  2 jellies
  7 iguanas
  3 centaur skeletons
  6 orc wizards
  24 worker ants
  19 sheep
  2 hound zombies
  A hound skeleton (D:8)
  A gnoll (D:9)
  77 river rats
  19 adders
  3 giant mites
  2 shadow imps
  3 worms
  An adder zombie (D:5)
  3 giant geckos
  2 oozes
  29 orcs
  2 ball pythons
  A bat skeleton (D:4)
  7 giant cockroaches
  16 hobgoblins
  13 jackals
  11 quokkas
  12 bats
  4 giant newts
  10 goblins
  10 kobolds
  A quokka skeleton (D:5)
  15 rats
  A spectral orc (D:8)
551 creatures vanquished.

Vanquished Creatures (collateral kills)
  A hydra (Lair:2)
  Erica (Lair:1)
  A spiny frog (Lair:3)
  A black mamba (Lair:4)
  5 blink frogs (Lair:5)
  2 soldier ants (Lair:3)
  A wolf (Lair:5)
  A porcupine (Lair:5)
  2 water moccasins
  A crocodile (Lair:6)
  A giant frog (Lair:7)
  6 electric eels
  2 iguanas
  A spectral orc (Lair:6)
  A worker ant (Lair:3)
  2 river rats (Lair:4)
  A quokka (Lair:3)
30 creatures vanquished.

Vanquished Creatures (others)
  A balrug (Lair:2)
  3 orange demons
  5 fungi
  A plant (Lair:3)
10 creatures vanquished.

Grand Total: 591 creatures vanquished

Notes
Turn   | Place    | Note
--------------------------------------------------------------
     0 | D:1      | wojtek, the Kobold Assassin, began the quest for the Orb.
     0 | D:1      | Reached XP level 1. HP: 12/12 MP: 1/1
   104 | D:1      | Reached XP level 2. HP: 14/17 MP: 2/2
   722 | D:2      | Reached XP level 3. HP: 13/21 MP: 3/3
   875 | D:2      | Found a shadowy altar of Dithmenos.
  1165 | D:2      | Reached skill level 5 in Short Blades
  1204 | D:2      | Reached XP level 4. HP: 12/26 MP: 4/4
  1567 | D:3      | Reached skill level 6 in Short Blades
  1567 | D:3      | Reached XP level 5. HP: 30/30 MP: 5/5
  1634 | D:3      | You fall through a shaft!
  1638 | D:4      | Noticed Grinder
  1695 | D:4      | Got a twisted spear
  1700 | D:5      | Entered Level 5 of the Dungeon
  1703 | D:5      | Reached skill level 7 in Short Blades
  1764 | D:5      | Identified the +8 spear of Insufficient Pleasure {vamp, rPois rC+ rN+ Str-3 Dex+3} (You found it on level 4 of the Dungeon)
  1779 | D:5      | Reached XP level 6. HP: 27/36 MP: 6/6
  2122 | D:5      | Found a shattered altar of Ashenzari.
  2221 | D:3      | Found a white marble altar of Elyvilon.
  2594 | D:4      | Reached XP level 7. HP: 43/43 MP: 7/7
  2723 | D:5      | Noticed a phantom
  3114 | D:5      | Found a stormy altar of Qazlal.
  3191 | D:5      | Found a sparkling altar of Nemelex Xobeh.
  3193 | D:5      | Found an opulent altar of Gozag.
  3384 | D:6      | Found a staircase to the Ecumenical Temple.
  3459 | Temple   | Entered the Ecumenical Temple
  3753 | D:6      | Reached skill level 5 in Fighting
  3753 | D:6      | Reached skill level 1 in Shields
  4107 | D:6      | Reached skill level 5 in Dodging
  4260 | D:6      | Reached XP level 8. HP: 49/49 MP: 8/8
  5930 | D:7      | Found an iron altar of Okawaru.
  6251 | D:7      | Noticed a spriggan baker
  6253 | D:7      | Killed a spriggan baker
  6253 | D:7      | Reached XP level 9. HP: 54/56 MP: 9/9
  6800 | D:5      | Found a burning altar of Makhleb.
  6831 | D:5      | Became a worshipper of Makhleb the Destroyer
  7034 | D:8      | Found a glowing silver altar of Zin.
  7172 | D:8      | Acquired Makhleb's first power
  7179 | D:8      | Reached skill level 8 in Dodging
  7573 | D:8      | Found a basalt altar of Yredelemnul.
  7736 | D:9      | Reached skill level 1 in Invocations
  8458 | D:9      | Acquired Makhleb's second power
  8458 | D:9      | Reached XP level 10. HP: 62/64 MP: 13/13
  8576 | D:9      | Reached skill level 5 in Shields
  8663 | D:9      | Noticed an elephant
  8720 | D:9      | Killed an elephant
  8720 | D:9      | Reached skill level 9 in Dodging
  8821 | D:9      | Found a staircase to the Lair.
  9405 | Lair:1   | Entered Level 1 of the Lair of Beasts
  9421 | Lair:1   | Acquired Makhleb's third power
  9597 | Lair:1   | Noticed Erica
  9641 | Lair:1   | Reached skill level 5 in Invocations
  9674 | Lair:1   | Reached XP level 11. HP: 62/71 MP: 19/19
  9720 | Lair:1   | Reached skill level 10 in Dodging
 10010 | Lair:1   | Acquired Makhleb's fourth power
 10482 | Lair:2   | Reached skill level 10 in Fighting
 10490 | Lair:2   | Noticed an eight-headed hydra
 11566 | Lair:2   | Reached skill level 11 in Dodging
 12518 | Lair:3   | Acquired Makhleb's fifth power
 12527 | Lair:3   | Reached XP level 12. HP: 79/79 MP: 23/23
 12784 | Lair:3   | Reached skill level 10 in Short Blades
 13327 | Lair:3   | Reached skill level 1 in Evocations
 14372 | Lair:3   | Reached skill level 12 in Dodging
 14425 | Lair:3   | HP: 3/80 [elephant (18)]
 14794 | Lair:3   | Found a staircase to the Shoals.
 15150 | Lair:4   | Noticed Snorg
 15266 | Lair:4   | Reached skill level 5 in Evocations
 16038 | Lair:5   | Found a staircase to the Swamp.
 16080 | Lair:5   | Reached XP level 13. HP: 43/85 MP: 24/24
 17876 | Lair:5   | Reached skill level 13 in Dodging
 18439 | Lair:5   | Found a staircase to the Swamp.
 19018 | Lair:6   | Found a dark tunnel.
 19043 | Volcano  | Entered a volcano
 19256 | Volcano  | Found a glowing golden altar of the Shining One.
 20180 | Lair:6   | Found a hole to the Spider Nest.
 20249 | Lair:6   | Noticed Nergalle
 20593 | Lair:6   | Killed Nergalle
 20593 | Lair:6   | Reached skill level 1 in Armour
 21442 | Lair:7   | Found a basalt altar of Yredelemnul.
 21558 | Lair:7   | Reached skill level 14 in Dodging
 21558 | Lair:7   | Reached XP level 14. HP: 92/92 MP: 25/25
 21938 | Lair:2   | Killed an eight-headed hydra
 22111 | D:4      | Paralysed by Grinder for 4 turns
 22123 | D:4      | Killed Grinder
 22788 | D:5      | Killed a phantom
 22849 | D:5      | Found a shattered altar of Ashenzari.
 23116 | D:5      | Found a burning altar of Makhleb.
 23208 | D:5      | Found a stormy altar of Qazlal.
 23254 | D:5      | Found a sparkling altar of Nemelex Xobeh.
 23255 | D:5      | Found an opulent altar of Gozag.
 23689 | Lair:1   | Killed Erica
 23818 | D:10     | Entered Level 10 of the Dungeon
 24043 | D:10     | HP: 1/94 [something (8)]
 24044 | D:10     | Mangled by an unseen horror

Action                   |  1- 3 |  4- 6 |  7- 9 | 10-12 | 13-15 || total
-------------------------+-------+-------+-------+-------+-------++-------
Melee: Dagger            |    94 |    56 |   886 |  1145 |  1007 ||  3188
       Spear             |       |    46 |       |       |       ||    46
 Fire: Blowgun           |     4 |     9 |    19 |     6 |    15 ||    53
Throw: Throwing net      |       |       |       |       |     1 ||     1
Invok: Lesser Servant of |       |       |       |    15 |     4 ||    19
       Minor Destruction |       |       |       |       |    17 ||    17
       Greater Servant o |       |       |       |       |    10 ||    10
       Major Destruction |       |       |       |       |     2 ||     2
Evoke: Wand              |       |       |       |       |     2 ||     2
  Use: Scroll            |       |       |     5 |     7 |     5 ||    17
       Potion            |       |       |       |     1 |       ||     1
 Stab: Sleeping          |     5 |    13 |    20 |    37 |    12 ||    87
       Distracted        |     1 |       |     1 |     5 |     5 ||    12
  Eat: Chunk             |     9 |     9 |    17 |    26 |    33 ||    94
